 Dungeon Crawl Stone Soup version 0.23-a0-49-gd9f7a49 (webtiles) character file.

10 Amnesiac the Digger (level 2, 0/19 HPs)
             Began as a Mummy Earth Elementalist on Aug 6, 2018.
             Killed from afar by a dart slug (2 damage)
             ... with a slug dart
             ... on level 2 of the Dungeon.
             The game lasted 00:00:49 (151 turns).

Amnesiac the Digger (Mummy Earth Elementalist)       Turns: 151, Time: 00:00:49

Health: 0/19       AC:  2    Str: 11    XL:     2   Next: 10%
Magic:  1/5        EV: 12    Int: 14    God:
Gold:   23         SH:  0    Dex: 12    Spells: 5/6 levels left

rFire    x . .     SeeInvis .   d - +0 hand axe
rCold    + . .     Gourm    .   (no shield)
rNeg     + + +     Faith    .   c - +0 robe
rPois    ∞         Spirit   .   (no helmet)
rElec    .         Reflect  .   (no cloak)
rCorr    .         Harm     .   (no gloves)
MR       .....                  (no boots)
Stlth    ++........             (no amulet)
HPRegen  0.06/turn              (no ring)
MPRegen  0.09/turn              (no ring)

@: no status effects
A: no food or potions, fire vulnerability, cold resistance 1, negative energy
resistance 3, torment resistance, unbreathing
a: no special abilities


You were on level 2 of the Dungeon.
You were not hungry.

You visited 1 branch of the dungeon, and saw 2 of its levels.

You collected 23 gold pieces.

Inventory:

Hand Weapons
 d - a +0 hand axe (weapon)
Missiles
 b - 26 stones (quivered)
Armour
 c - a +0 robe (worn)
Scrolls
 a - a scroll of magic mapping {!r, unknown}
 e - a scroll of enchant weapon {!r, unknown}


   Skills:
 - Level 1.5 Dodging
 - Level 1.5 Stealth
 + Level 2.9 Spellcasting
   Level 0.7 Transmutations
 * Level 2.9 Earth Magic


You had 5 spell levels left.
You knew the following spells:

 Your Spells              Type           Power        Failure   Level  Hunger
a - Sandblast             Erth           ##....       7%          1    N/A

Your spell library contained the following spells:

 Spells                   Type           Power        Failure   Level  Hunger
 Stone Arrow              Conj/Erth      #.....       34%         3    N/A
 Passwall                 Tmut/Erth      #.......     16%         2    N/A
 Lee's Rapid Deconstruct  Erth           ##........   88%         5    N/A
 Petrify                  Tmut/Erth      #.......     71%         4    N/A

Dungeon Overview and Level Annotations

Branches:
Dungeon (2/15)

Altars:


Innate Abilities, Weirdness & Mutations

You do not eat or drink.
Your flesh is vulnerable to fire.
You are immune to poison.
Your flesh is cold resistant. (rC+)
You are immune to negative energy. (rN+++)
You are immune to unholy pain and torment.
You can survive without breathing.


Message History

Casting: Sandblast (safe; 7% risk of failure)
Confirm with . or Enter, or press ? or * to list all spells.
Aiming: Sandblast (safe; 7% risk of failure)
Press: ? - help, Shift-Dir - straight line, f - giant cockroach
Aim: a giant cockroach (clinging)
The blast of sand hits the giant cockroach.
The giant cockroach is moderately wounded.
b - 27 stones The giant cockroach barely misses you.
The giant cockroach bites you but does no damage.
Unknown command.
Casting: Sandblast (safe; 7% risk of failure)
Confirm with . or Enter, or press ? or * to list all spells.
You don't have enough magic to cast that spell.
Unknown command.
You closely miss the giant cockroach.
The giant cockroach is moderately wounded.
The giant cockroach bites you but does no damage.
Unknown command.
You hit the giant cockroach.
The giant cockroach is almost dead.
The giant cockroach misses you. The giant cockroach closely misses you.
You barely miss the giant cockroach.
The giant cockroach is almost dead.
The giant cockroach bites you.
* * * LOW HITPOINT WARNING * * *
Unknown command.
You hit the giant cockroach but do no damage.
The giant cockroach is almost dead.
The giant cockroach bites you but does no damage.
The giant cockroach bites you.
* * * LOW HITPOINT WARNING * * *
Unknown command.
You closely miss the giant cockroach.
The giant cockroach is almost dead.
The giant cockroach completely misses you.
Unknown command.
You barely miss the giant cockroach.
The giant cockroach is almost dead.
The giant cockroach bites you but does no damage.
The giant cockroach barely misses you.
Unknown command.
Casting: Sandblast (safe; 7% risk of failure)
Confirm with . or Enter, or press ? or * to list all spells.
Aiming: Sandblast (safe; 7% risk of failure)
Press: ? - help, Shift-Dir - straight line, f/p - giant cockroach
Aim: a giant cockroach (almost dead, clinging)
The blast of sand hits the giant cockroach.
You kill the giant cockroach!
b - 26 stones The rat closely misses you.
Unknown command.
You hit the rat.
You kill the rat!
Unknown command.
You start resting.
A dart slug comes into view.
A dart slug is nearby!
A dart slug is nearby!
You see here a short sword.
Found a fuming dark potion.
The dart slug launches a dart at you. The slug dart hits you!
You die...

#. ... #. ....
######.#########....
....................
....!...............
#...............#
#.####.####.....#
####.####..####
#.[...w.).@...#
#.##..####.##.# #
##.. ...# ..
........+ ..
.##.###..# . #. .#
#... # .. ....# ..
....#


You could see a dart slug.

Vanquished Creatures
  A leopard gecko (D:1)
  A giant cockroach (D:2)
  A goblin (D:1)
  5 kobolds
  2 rats
10 creatures vanquished.

Notes
Turn   | Place    | Note
-------+----------+-------------------------------------------
     0 | D:1      | Amnesiac the Mummy Earth Elementalist began the quest for the Orb.
     0 | D:1      | Reached XP level 1. HP: 13/13 MP: 4/4
   130 | D:2      | Reached XP level 2. HP: 3/19 MP: 1/5
   151 | D:2      | Killed from afar by a dart slug

Vault maps used:
D:1:      shiori_arrival_elements
D:2:      first_ration

Action                   || total
-------------------------++-------
Melee: Hand axe          ||    14
       Unarmed           ||     7
 Cast: Sandblast         ||     7
Armor: Robe              ||     7
Dodge: Dodged            ||    11

Table legend:
 A = Spawn XP
 B = Non-spawn XP
 C = Spawn XP percentage of total XP
 D = Spawn monster count
 E = Non-spawn monster count
 F = Spawn count percentage of total count
 G = Total turns spent on level
                    A         B        C        D         E        F      G
               +---------+---------+-------+---------+---------+-------+---------
         Total |       0 |      15 |   0.0 |       0 |      10 |   0.0 |   151
               +---------+---------+-------+---------+---------+-------+---------
           D:1 |       0 |       9 |   0.0 |       0 |       6 |   0.0 |   122
           D:2 |       0 |       6 |   0.0 |       0 |       4 |   0.0 |    29
               +---------+---------+-------+---------+---------+-------+---------
